General information
- name: BNet
- type: Ladder 1vs1/FFA
- host: Battle.net
- saver: billyturnips246
map: TirisfalGlades
- players: 2
- length: 37:59
- speed: Fast
- version: 1.26 W3XP
- replay type: Public
» download(97 KB)
Players
team 1 (loser)
CantplayuseOrc (
purple | 28 APM | 1077 actions | 37:51)
5 Dark Ranger
3 Black Arrow
2 Life Drain
1 Death Knight
1 Death Coil
» actions
| Assign group hotkey | 30 | |
| Build / train | 63 | |
| Enter build submenu | 19 | |
| Enter hero's abilities submenu | 6 | |
| Remove unit from queue | 2 | |
| Right click | 403 | |
| Select / deselect | 272 | |
| Select group hotkey | 254 | |
| Use ability | 28 | |
1077 total
» units
| Acolyte | 15 | |
| Ghoul | 13 | |
| Crypt Fiend | 3 | |
| Frost Wyrm | 5 | |
| Meatwagon | 9 | |
45 total
» upgrades
| Web | 1 | |
| Freezing Breath | 1 | |
| Exhume Corpses | 0 | |
| Disease Cloud | 1 | |
3 total
» buildings
| Crypt | 1 | |
| Ziggurat | 8 | |
| Altar of Darkness | 1 | |
| Halls of the Dead | 1 | |
| Graveyard | 1 | |
| Black Citadel | 1 | |
| Sacrificial Pit | 1 | |
| Spirit Tower | 3 | |
| Boneyard | 1 | |
| Slaughterhouse | 1 | |
19 total
» build order
00:36 Crypt
00:40 Ziggurat
00:45 Altar of Darkness
03:39 Halls of the Dead
03:42 Ziggurat
03:50 Ziggurat
03:56 Ziggurat
05:26 Graveyard
06:01 Black Citadel
07:42 Ziggurat
07:51 Ziggurat
08:20 Sacrificial Pit
08:52 Spirit Tower
11:49 Ziggurat
11:53 Ziggurat
12:42 Spirit Tower
12:47 Spirit Tower
14:11 Boneyard
19:26 Slaughterhouse
team 2 (winner)
billyturnips246 (
blue | 62 APM | 2358 actions | 37:59)
8 Goblin Tinker
3 Pocket Factory
3 Engineering Upgrade
1 Robo-Goblin
1 Cluster Rockets
» actions
| Assign group hotkey | 94 | |
| Basic commands | 61 | |
| Build / train | 148 | |
| ESC pressed | 7 | |
| Enter build submenu | 68 | |
| Enter hero's abilities submenu | 8 | |
| Give item / drop item | 9 | |
| Right click | 812 | |
| Select / deselect | 459 | |
| Select group hotkey | 454 | |
| Use ability | 238 | |
2358 total
» units
| Peasant | 28 | |
| Footman | 5 | |
| Mortar Team | 8 | |
| Sorceress | 1 | |
42 total
» upgrades
| Gunpowder | 3 | |
| Armor | 3 | |
| Sorceress Training | 2 | |
| Magic Sentry | 1 | |
| Masonry | 2 | |
| Lumber Harvesting | 1 | |
| Flare | 1 | |
| Fragmentation Shards | 1 | |
| Plating | 1 | |
| Swords | 1 | |
16 total
» buildings
| Barracks | 1 | |
| Farm | 14 | |
| Altar of Kings | 1 | |
| Scout Tower | 74 | |
| Arcane Tower | 2 | |
| Town Hall | 2 | |
| Lumber Mill | 3 | |
| Guard Tower | 25 | |
| Keep | 1 | |
| Blacksmith | 2 | |
| Arcane Sanctum | 1 | |
| Arcane Vault | 1 | |
| Workshop | 3 | |
| Castle | 1 | |
| Cannon Tower | 4 | |
| Gryphon Aviary | 1 | |
136 total
» build order
00:20 Barracks
00:34 Farm
00:53 Farm
01:05 Altar of Kings
01:44 Farm
01:47 Farm
02:20 Farm
02:46 Scout Tower
03:13 Arcane Tower
03:39 Farm
04:09 Town Hall
04:10 Scout Tower
04:39 Lumber Mill
04:40 Arcane Tower
04:43 Scout Tower
05:00 Scout Tower
05:24 Scout Tower
05:25 Scout Tower
05:33 Scout Tower
05:34 Scout Tower
05:37 Guard Tower
05:43 Guard Tower
05:55 Scout Tower
06:02 Guard Tower
06:22 Scout Tower
06:27 Scout Tower
06:29 Guard Tower
06:33 Guard Tower
07:20 Keep
08:02 Guard Tower
08:24 Blacksmith
08:26 Farm
08:28 Blacksmith
09:47 Arcane Sanctum
09:49 Arcane Vault
10:00 Farm
10:00 Farm
10:01 Farm
10:01 Farm
10:30 Workshop
10:33 Workshop
10:44 Workshop
10:52 Castle
11:49 Guard Tower
12:23 Scout Tower
12:23 Scout Tower
12:23 Scout Tower
12:24 Scout Tower
12:26 Scout Tower
12:26 Scout Tower
12:27 Scout Tower
12:27 Scout Tower
12:27 Scout Tower
12:27 Scout Tower
12:28 Scout Tower
12:37 Guard Tower
13:03 Guard Tower
13:56 Guard Tower
13:57 Guard Tower
13:59 Guard Tower
14:04 Guard Tower
14:27 Farm
14:28 Farm
14:28 Farm
15:29 Guard Tower
15:31 Guard Tower
16:17 Town Hall
17:20 Scout Tower
17:21 Scout Tower
17:21 Scout Tower
17:21 Scout Tower
17:23 Scout Tower
17:23 Scout Tower
17:23 Scout Tower
17:24 Scout Tower
17:24 Scout Tower
17:24 Scout Tower
17:25 Scout Tower
17:25 Scout Tower
17:26 Scout Tower
17:26 Scout Tower
17:26 Scout Tower
17:27 Scout Tower
18:05 Guard Tower
18:31 Guard Tower
19:04 Guard Tower
19:06 Scout Tower
19:32 Guard Tower
19:34 Scout Tower
19:34 Scout Tower
19:35 Scout Tower
19:35 Scout Tower
19:36 Scout Tower
19:36 Scout Tower
20:07 Cannon Tower
20:19 Guard Tower
20:33 Guard Tower
20:34 Guard Tower
21:01 Guard Tower
24:08 Gryphon Aviary
24:10 Guard Tower
26:45 Guard Tower
29:28 Lumber Mill
34:40 Lumber Mill
35:17 Scout Tower
35:17 Scout Tower
35:18 Scout Tower
35:18 Scout Tower
35:18 Scout Tower
35:18 Scout Tower
35:19 Scout Tower
35:19 Scout Tower
35:19 Scout Tower
35:20 Scout Tower
35:20 Scout Tower
35:20 Scout Tower
35:20 Scout Tower
35:21 Scout Tower
35:21 Scout Tower
35:21 Scout Tower
35:21 Scout Tower
35:22 Scout Tower
35:37 Scout Tower
35:39 Scout Tower
35:42 Scout Tower
35:43 Scout Tower
35:55 Scout Tower
35:58 Scout Tower
36:00 Scout Tower
36:28 Cannon Tower
36:29 Cannon Tower
36:30 Cannon Tower
» items
| Boots of Speed | 1 | |
| Staff of Teleportation | 2 | |
| Potion of Invisibility | 3 | |
| Scroll of Regeneration | 6 | |
| Lesser Clarity Potion | 4 | |
| Ivory Tower | 25 | |
| Orb of Fire | 1 | |
| Staff of Sanctuary | 1 | |
| Potion of Mana | 3 | |
| Potion of Healing | 2 | |
48 total
Chat log
(00:04 / All) billyturnips246: lol
(00:10 / All) billyturnips246: orc is harder than undead man
(00:16 / All) billyturnips246: undead is the most brainless microless race int eh game
(01:10 / All) CantplayuseOrc: how so
(01:18 / All) billyturnips246: dk fiends is easy as shit to micro
(01:20 / All) billyturnips246: 50 apm
(01:30 / All) billyturnips246: right click, pull back a unit and coil
(01:39 / All) billyturnips246: at least with orc u have to move ur unit around
(01:41 / All) billyturnips246: not just righ tclick
(03:00 / All) billyturnips246: dr and ghouls
(03:01 / All) billyturnips246: bold move
(03:06 / All) billyturnips246: i can see why u dont liek orc lol
(07:07 / All) billyturnips246: lol
(07:20 / All) CantplayuseOrc: damn
(07:25 / All) CantplayuseOrc: noob tactics
(07:43 / All) billyturnips246: really
(07:46 / All) billyturnips246: you see a lot of noobs using tinker
(07:48 / All) billyturnips246: over the woods?
(08:12 / All) CantplayuseOrc: wow something a friend showed you big deal
(08:19 / All) billyturnips246: LOL
(08:20 / All) billyturnips246: what?
(08:51 / All) billyturnips246: i sense morale is low
(10:08 / All) CantplayuseOrc: wow GG
(10:13 / All) CantplayuseOrc: amazing
(11:10 / All) CantplayuseOrc: thats the big weakness against undead
(11:28 / All) billyturnips246: dude you blindly attack move ghouls and let them all die
(11:32 / All) billyturnips246: u need tos top alibiing
(13:55 / All) CantplayuseOrc: gg your awesome
(16:57 / All) billyturnips246: lol
(17:03 / All) billyturnips246: i hope those are cheap
(17:45 / All) CantplayuseOrc: bye
(18:06 / All) CantplayuseOrc: ZZZZZZZZZZZZZZZzzzzzzzzzzzzzzzzzzz
(18:52 / All) CantplayuseOrc: what a waste of time so faggot has a cheap tactic and i got to sit threw it
(18:56 / All) billyturnips246: threw
(26:07 / All) billyturnips246: lol
(27:58 / All) CantplayuseOrc: im guessing without tinker your nothing
(28:34 / All) CantplayuseOrc: bye
(28:51 / All) billyturnips246: i have 11000 gold
(29:50 / All) CantplayuseOrc: cheap win congrats
(30:00 / All) billyturnips246: learn to keep your units alive
(30:04 / All) billyturnips246: before you complain about cheese
(30:08 / All) billyturnips246: i doubt you would beat computer easy
(30:27 / All) CantplayuseOrc: ZZZZZZZZZZZZZZZZZZZZZZzzzzzzzzzzzzzzzzzzzzzzzzzzz
(31:43 / All) CantplayuseOrc: GG i'll go afk now
(31:46 / All) CantplayuseOrc: enjoy
(31:50 / All) billyturnips246: i will
(33:52 / All) billyturnips246: lets see if you can stay away for more than 2 minutes
(34:56 / All) billyturnips246: that wasnt long
(35:14 / All) billyturnips246: u need a faster computer if u wanna pretend you didnt just remaximize
(37:43 / All) CantplayuseOrc: i was on facebook
(37:50 / All) CantplayuseOrc: ZZZZZZZZZZZZZZZZZZZzzzzzzzzzzzzzzzzzzzzzzzzzzzzzzzzzzzzzzzzzzzzzzzzzzzzzzzzzzzzzzzzzzzzzzzzzzzzzzzzzzzzzzzzzz